 Dungeon Crawl Stone Soup version 0.30.0-19-g36f170ea60 (webtiles) character file.

Game seed: 7716005952821772946

8603 jagang the Fighter (level 11, -2/92 HPs)
             Began as a Demonspawn Berserker on June 1, 2023.
             Was a High Priest of Trog.
             Slain by a boulder beetle (18 damage)
             ... on level 10 of the Dungeon.
             The game lasted 00:26:26 (9758 turns).

jagang the Fighter (Demonspawn Berserker)           Turns: 9758, Time: 00:26:26

Health: -2/92      AC: 11    Str: 21    XL:     11   Next: 12%
Magic:  11/11      EV: 11    Int: 19    God:    Trog [*****.]
Gold:   494        SH:  0    Dex: 14    Spells: 10/10 levels left

rFire   . . .        C - +4 battleaxe
rCold   . . .        (shield currently unavailable)
rNeg    . . .        j - +0 chain mail
rPois   .            (helmet restricted)
rElec   .            y - +0 cloak
rCorr   +            (no gloves)
SInv    .            (no boots)
Will    ++...        (no amulet) Stlth
                     H - ring "Uprach" {Will+ rCorr Int+6 Stlth+}
HPRegen 0.35/turn    c - ring of Gain {Will+ Int+5}
MPRegen 0.12/turn

%: no passive effects
@: on berserk cooldown, slowed, very slow
A: hooves 1, horns 2, demonic magic 1, weakness stinger 2
a: Renounce Religion, Berserk, Trog's Hand, Brothers in Arms


You were on level 10 of the Dungeon.
You worshipped Trog.
Trog was extremely pleased with you.
You visited 1 branch of the dungeon, and saw 10 of its levels.
You also visited: Sewer and Bailey.

You collected 668 gold pieces.
You spent 174 gold pieces at shops.

Inventory:

Hand Weapons
 v - a -1 executioner's axe
 C - a +4 battleaxe (weapon)
Missiles
 E - a throwing net (quivered)
Armour
 j - a +0 chain mail (worn)
 y - a +0 cloak (worn)
 z - a +2 robe of positive energy
 G - a +0 buckler
 K - a +0 tower shield
Jewellery
 c - the ring of Gain (right hand) {Will+ Int+5}
   (You found it in a bailey)

   [ring of willpower]

   Int:       It affects your intelligence (+5).
   Will:      It increases your willpower.
 H - the ring "Uprach" (left hand) {Will+ rCorr Int+6 Stlth+}
   (You found it on level 8 of the Dungeon)

   [ring of intelligence]

   Int:       It affects your intelligence (+6).
   rCorr:     It protects you from acid and corrosion.
   Will:      It increases your willpower.
   Stlth:     It makes you more stealthy.
 I - a ring of flight
Wands
 l - a wand of mindburst (18)
 J - a wand of paralysis (4)
Scrolls
 a - 2 scrolls of teleportation
 b - 2 scrolls of fear
 h - a scroll of butterflies
 i - 3 scrolls of enchant armour
 m - 3 scrolls of noise
 p - 3 scrolls of immolation
 s - 3 scrolls of vulnerability
 w - 2 scrolls of poison
 x - 2 scrolls of silence {unknown}
 A - 2 scrolls of fog
 B - 2 scrolls of blinking
 F - 2 scrolls of amnesia
Potions
 d - 6 potions of heal wounds
 e - 2 potions of magic {unknown}
 f - 4 potions of brilliance
 g - 2 potions of curing
 k - 2 potions of lignification
 n - 2 potions of attraction {unknown}
 o - 3 potions of flight
 q - a potion of haste
 r - 2 potions of mutation
 t - 3 potions of might
 u - 2 potions of invisibility
 D - a potion of berserk rage {unknown}


   Skills:
 * Level 10.5 Fighting
 * Level 9.7 Axes
 + Level 6.7 Armour
 + Level 6.6 Dodging


You had 10 spell levels left.
You didn't know any spells.
Your spell library contained the following spells:

 Spells                   Type           Power      Damage    Failure   Level
 Shock                    Conj/Air       0%         1d3       77%         1
 Sting                    Tmut/Pois      0%         1d3       77%         1
 Ensorcelled Hibernation  Hex/Ice        0%         N/A       88%         2
 Poisonous Vapours        Pois/Air       0%         N/A       88%         2
 Spider Form              Tmut/Pois      0%         N/A       98%         3
 Swiftness                Air            0%         N/A       98%         3
 Airstrike                Air            0%         2d(0-16)  100%        4
 Anguish                  Hex/Necr       0%         N/A       100%        4
 Olgreb's Toxic Radiance  Pois           0%         N/A       100%        4
 Borgnjor's Revivificati  Necr           0%         N/A       100%        8
 Necromutation            Tmut/Necr      0%         N/A       100%        8
 Death's Door             Necr           0%         N/A       100%        9


Dungeon Overview and Level Annotations

Branches:
Dungeon (10/15)            Temple (0/1) D:4            Lair (0/5) D:8
  Sewer (visited)          Bailey (visited)
    Orc: D:9-12

Altars:
Ashenzari
Cheibriados
Dithmenos
Fedhas
Gozag
Okawaru
Vehumet
Xom
Yredelemnul

Shops:
D:8 ?


Innate Abilities, Weirdness & Mutations

You have large cloven feet.
You have a pair of horns on your head.
Spells you cast may paralyse adjacent enemies.
You have a tail ending in a sharp stinger.


Message History

The kobold demonologist miscasts a cantrip.
You miss the kobold demonologist.
Your kick misses the kobold demonologist.
Your headbutt misses the kobold demonologist.
The kobold demonologist is almost dead.
You hit the kobold demonologist.
You kill the kobold demonologist!
Trog accepts your kill.
Trog appreciates your killing of a magic user.
You barely miss the troll. You headbutt the troll!
The troll is moderately wounded.
You are no longer corroded.
The troll bites you! The troll claws you but does no damage.
The troll misses you.
You closely miss the troll.
The troll is moderately wounded.
The troll barely misses you. x2; The troll claws you.
A boulder beetle comes into view.
You slice the troll!!
The troll is almost dead.
The troll bites you but does no damage. The troll barely misses you.
The troll claws you but does no damage.
The boulder beetle curls into a ball and begins rolling!
You slash the troll!
You feel the power of Trog in you as your rage grows.
You kill the troll!
Trog accepts your kill.
The troll leather armour is intact enough to wear.
You feel a strong urge to attack something.
You are no longer berserk.
You are exhausted.
You feel yourself slow down. The boulder beetle hits you!!
* * * LOW HITPOINT WARNING * * *
The boulder beetle stops rolling and uncurls.
You slash the boulder beetle!
You headbutt the boulder beetle, but do no damage.
The boulder beetle is lightly wounded.
The boulder beetle bites you!!
You die...

..# #.# #.# #.# #.#
### .######.####.##
......)....)#.#
......[...°B.##
.#...##°####@# ....
..○. #.# .# .......
#.########
#.##...#.#........#
.. B..##.#..#####.#
# .°#.## #....###.#
.°#.##.#.....##.##
#...........#
#..#....##..#


You could see a boulder beetle.

Vanquished Creatures
  A two-headed ogre (D:10)
  A dancing weapon (D:6)
  An orc knight (Bailey)
  The ghost of rundlesten the Cleaver, a novice MiBe of Trog (D:6)
  A gargoyle (D:9)
  A kobold demonologist (D:10)
  A komodo dragon (D:7)
  2 trolls (D:10)
  Sigmund (D:5)
  A shadow (D:9)
  A steam dragon (D:9)
  2 acid dragons
  A water moccasin (D:8)
  2 black bears (D:6)
  4 orc warriors
  A sky beast (D:6)
  4 ice beasts
  The ghost of cdecastro the Cudgeller, an amateur AtWr (D:3)
  An ogre (D:6)
  6 centaurs
  2 phantoms
  11 kobold brigands
  3 bullfrogs
  A gnoll sergeant (D:7)
  6 scorpions
  3 wights (D:6)
  5 howler monkeys
  2 jellies
  A hound (D:7)
  3 orc priests
  Crazy Yiuf (D:5)
  3 gnoll boudas
  5 orc wizards
  2 sleepcaps
  An iguana (D:5)
  Robin (D:4)
  12 gnolls
  21 adders
  A river rat (D:4)
  A white imp (D:5)
  2 ufetubi
  2 worms (D:4)
  3 dart slugs
  33 orcs
  14 ball pythons
  4 endoplasms
  4 giant cockroaches
  12 goblins
  5 hobgoblins
  4 jackals (D:2)
  2 quokkas
  13 bats
  6 frilled lizards
  25 kobolds
  9 rats
257 creatures vanquished.

Vanquished Creatures (others)
  A sleepcap (D:7)
1 creature vanquished.

Grand Total: 258 creatures vanquished

Notes
Turn   | Place    | Note
-------+----------+-------------------------------------------
     0 | D:1      | jagang the Demonspawn Berserker began the quest for the
                  | Orb.
     0 | D:1      | Reached XP level 1. HP: 18/18 MP: 1/1
    88 | D:1      | Discovered your monstrous ancestry.
    88 | D:1      | Gained mutation: You have a small tail. [demonic ancestry]
    88 | D:1      | Reached XP level 2. HP: 24/24 MP: 2/2
   303 | D:1      | Reached ** piety under Trog
   748 | D:2      | Reached XP level 3. HP: 29/29 MP: 3/3
  1624 | D:3      | Gained mutation: You have a pair of small horns on your
                  | head. [demonic ancestry]
  1624 | D:3      | Reached XP level 4. HP: 32/37 MP: 4/4
  1748 | D:3      | Found a runed translucent door.
  1748 | D:3      | Noticed cdecastro's ghost (amateur AtWr)
  2151 | D:3      | Found a shimmering altar of Xom.
  2153 | D:3      | Found a blossoming altar of Fedhas.
  2157 | D:3      | Found an opulent altar of Gozag.
  2157 | D:3      | Found a radiant altar of Vehumet.
  2159 | D:3      | Found a basalt altar of Yredelemnul.
  2387 | D:3      | Found a faded altar of an unknown god.
  2430 | D:3      | Killed cdecastro's ghost
  2431 | D:3      | Reached skill level 4 in Fighting
  2431 | D:3      | Reached XP level 5. HP: 42/42 MP: 5/5
  2660 | D:4      | Noticed Robin
  2667 | D:4      | Gained mutation: You have large cloven feet. [demonic
                  | ancestry]
  2667 | D:4      | Reached XP level 6. HP: 45/49 MP: 6/6
  2668 | D:4      | Found a broken altar of Ashenzari.
  2689 | D:4      | Killed Robin
  2764 | D:4      | Reached *** piety under Trog
  2845 | D:4      | Found a glowing drain.
  2852 | Sewer    | Entered a sewer
  3018 | Sewer    | Reached skill level 5 in Fighting
  3021 | Sewer    | Reached XP level 7. HP: 56/56 MP: 7/7
  3126 | Sewer    | Reached skill level 5 in Axes
  3773 | D:4      | Found a staircase to the Ecumenical Temple.
  3832 | D:5      | Entered Level 5 of the Dungeon
  3904 | D:5      | Found a runed translucent door.
  3905 | D:5      | Noticed Crazy Yiuf
  3912 | D:5      | Killed Crazy Yiuf
  3999 | D:5      | Reached skill level 6 in Fighting
  4005 | D:5      | Reached XP level 8. HP: 60/64 MP: 8/8
  4138 | D:5      | Reached **** piety under Trog
  4325 | D:5      | Found a shadowy altar of Dithmenos.
  4364 | D:5      | Noticed Sigmund
  4375 | D:5      | Killed Sigmund
  4641 | D:6      | Reached skill level 7 in Fighting
  4776 | D:6      | Found a runed translucent door.
  4776 | D:6      | Found a shimmering altar of Xom.
  4776 | D:6      | Noticed rundlesten's ghost (novice MiBe)
  4776 | D:6      | Noticed a +2 long sword of chaos
  4787 | D:6      | Killed a +2 long sword of chaos
  4788 | D:6      | Gained mutation: You have a tail ending in a sharp stinger.
                  | [demonic ancestry]
  4788 | D:6      | Reached XP level 9. HP: 49/73 MP: 9/9
  4796 | D:6      | Killed rundlesten's ghost
  4797 | D:6      | Reached skill level 8 in Fighting
  4797 | D:6      | Reached skill level 5 in Armour
  4797 | D:6      | Reached skill level 5 in Dodging
  5001 | D:6      | Found a snail-covered altar of Cheibriados.
  6637 | D:7      | Noticed a komodo dragon
  6640 | D:7      | Gained mutation: Spells you cast may paralyse adjacent
                  | enemies. [demonic ancestry]
  6640 | D:7      | Reached XP level 10. HP: 82/82 MP: 10/10
  6648 | D:7      | Reached skill level 9 in Fighting
  7239 | D:8      | Found a flagged portal.
  7245 | Bailey   | Entered a bailey
  7354 | Bailey   | Noticed an orc knight
  7366 | Bailey   | Killed an orc knight
  7536 | Bailey   | Found an iron altar of Okawaru.
  7542 | Bailey   | Identified the ring of Gain {Will+ Int+5}
  7906 | D:8      | Found a transporter.
  7906 | D:8      | Found Pekh's Magic Scroll Boutique.
  7942 | D:8      | Found a staircase to the Lair.
  7957 | D:8      | Reached ***** piety under Trog
  7990 | D:8      | Identified the ring "Uprach" {Will+ rCorr Int+6 Stlth+}
  8417 | D:8      | Found a transporter.
  8437 | D:8      | Bought a scroll of identify for 24 gold pieces
  8437 | D:8      | Bought a scroll of noise for 12 gold pieces
  8437 | D:8      | Bought a scroll of amnesia for 48 gold pieces
  8437 | D:8      | Bought a scroll of blinking for 90 gold pieces
  8575 | D:9      | Found an iron altar of Okawaru.
  8746 | D:9      | Noticed a gargoyle
  8754 | D:9      | Reached skill level 10 in Fighting
  8757 | D:9      | Killed a gargoyle
  9547 | D:10     | Entered Level 10 of the Dungeon
  9568 | D:10     | Noticed a two-headed ogre
  9574 | D:10     | Killed a two-headed ogre
  9575 | D:10     | Gained mutation: You have a pair of horns on your head.
                  | [demonic ancestry]
  9575 | D:10     | Reached XP level 11. HP: 38/92 MP: 11/11
  9750 | D:10     | Noticed a boulder beetle
  9758 | D:10     | Slain by a boulder beetle

Illustrated notes

Levels and vault maps discovered:
D:1:      dpeg_arrival_water_temple_mockup, layout_basic, st_stairs_10
D:2:      layout_basic
D:3:      layout_loops_ring, minitemple, hellmonk_ghost_happy_afterlife,
          dreamdust_ecumenical_altar_hidden_monk_grotto
D:4:      old_forge, layout_cave_pools,
          mainiacjoe_overflow_concentric_impassable,
          minmay_temple_entry_poolview, lightli_sewer_entry_pipes, uniq_robin
D:5:      layout_rooms, mainiacjoe_overflow_alcove_1, hangedman_glass_teeth,
          uniq_sigmund, uniq_crazy_yiuf_cottage
D:6:      layout_loops_ring, lemuel_coloured_pillars_altar, ebering_ghost_xom,
          dreamdust_princess_corridor
D:7:      lemuel_ice_spiral_2, layout_rooms, hangedman_minor_gate_pass
D:8:      layout_loops_corners, dpeg_oklobed_lair, serial_shops,
          nicolae_shop_drivethru, enter_bailey_1
D:9:      layout_small_grid, mainiacjoe_overflow_chevrons
D:10:     layout_loops_ring, lemuel_tele_altar, nicolae_uskayaw_dance_hall,
          nzn_sisyphean_effort, uniq_fannar, uniq_urug, uniq_psyche

Skill      XL: |  1  2  3  4  5  6  7  8  9 10 |
---------------+-------------------------------+-----
Axes           | 3 4 5 7 8 9 |  9.7
Armour         | 2 3 4 5 6 |  6.7
Dodging        | 2 3 4 5 6 |  6.6
Fighting       | 4 5 6 7 8 10 | 10.5

Action                     |  1- 3 |  4- 6 |  7- 9 | 10-12 || total
---------------------------+-------+-------+-------+-------++-------
  Melee: Hand axe          |   129 |   157 |   207 |       ||   493
         Tailslap          |    12 |    12 |    43 |    16 ||    83
         Headbutt          |       |    17 |    51 |    27 ||    95
         Punch             |       |     2 |     4 |       ||     6
         Kick              |       |    22 |    75 |    54 ||   151
         Battleaxe         |       |       |    52 |   171 ||   223
 Invoke: Berserk           |     1 |     3 |     6 |     5 ||    15
    Use: Potion            |       |     1 |       |       ||     1
         Scroll            |       |       |       |    15 ||    15
 Armour: Animal skin       |     9 |       |       |       ||     9
         Scale mail        |     9 |       |       |       ||     9
         Chain mail        |    33 |    92 |   142 |    75 ||   342
  Dodge: Dodged            |    75 |    75 |   125 |   141 ||   416
